 Dungeon Crawl Stone Soup version 0.26.1-11-gd32895ea62 (webtiles) character file.

Game seed: 3551427513729859163

70 Zeld the Digger (level 4, -5/24 HPs)
             Began as a Gargoyle Earth Elementalist on June 8, 2021.
             Killed from afar by Ijyb (6 damage)
             ... with a puff of flame
             ... on level 3 of the Dungeon.
             The game lasted 00:04:25 (2295 turns).

Zeld the Digger (Gargoyle Earth Elementalist)       Turns: 2295, Time: 00:04:26

Health: -5/24      AC:  6    Str: 11    XL:     4   Next: 22%
Magic:  7/7        EV: 12    Int: 17    God:
Gold:   148        SH:  0    Dex: 10    Spells: 2/8 levels left

rFire    . . .     SeeInvis .   (no weapon)
rCold    . . .     Faith    .   (no shield)
rNeg     + . .     Spirit   .   c - +0 robe
rPois    ∞         Reflect  .   (no helmet)
rElec    +         Harm     .   a - +0 cloak
rCorr    .         Rampage  .   (no gloves)
Will     .....                  (no boots)
Stlth    ++........             (no amulet)
HPRegen  0.08/turn              (no ring)
MPRegen  0.10/turn              (no ring)

@: no status effects
A: negative energy resistance 1, electricity resistance, unbreathing,
petrification resistance, miasma immunity, AC +3
a: no special abilities


You were on level 3 of the Dungeon.
You visited 1 branch of the dungeon, and saw 3 of its levels.

You collected 148 gold pieces.

Inventory:

Missiles
 b - 67 stones (quivered)
Armour
 a - a +0 cloak (worn)
 c - a +0 robe (worn)
Wands
 f - a wand of flame (19)
Scrolls
 d - a scroll of enchant weapon
 e - a scroll of fear
 h - 2 scrolls of enchant armour
 j - 2 scrolls of teleportation {unknown}
 k - 2 scrolls of remove curse {unknown}
 l - a scroll of identify
Potions
 g - a potion of haste {unknown}
 i - a potion of heal wounds {unknown}


   Skills:
 + Level 0.9 Fighting
 + Level 2.2 Dodging
 - Level 2.1 Stealth
 + Level 2.5 Spellcasting
 - Level 0.7 Transmutations
 * Level 4.8 Earth Magic


You had 2 spell levels left.
You knew the following spells:

 Your Spells              Type           Power        Failure   Level
a - Sandblast             Erth           36%          2%          1
b - Passwall              Tmut/Erth      9%           9%          2
c - Stone Arrow           Conj/Erth      20%          21%         3

Your spell library contained the following spells:

 Spells                   Type           Power        Failure   Level
 Corona                   Hex            2%           19%         1
 Magic Dart               Conj           8%           19%         1
 Ensorcelled Hibernation  Hex/Ice        4%           28%         2
 Searing Ray              Conj           4%           28%         2
 Confusing Touch          Hex            2%           50%         3
 Dazzling Flash           Conj/Hex       4%           50%         3
 Tukima's Dance           Hex            2%           50%         3
 Petrify                  Tmut/Erth      11%          50%         4
 Lee's Rapid Deconstruct  Erth           9%           56%         5
 Fulminant Prism          Conj/Hex       1%           88%         4
 Iskenderun's Mystic Bla  Conj/Tloc      2%           88%         4


Dungeon Overview and Level Annotations

Branches:
Dungeon (3/15)

Altars:
Elyvilon
Kikubaaqudgha

Annotations:
D:3 Ijyb


Innate Abilities, Weirdness & Mutations

You are resistant to torment.
Your stone body is resilient. (AC +3)
You are immune to poison.
You resist negative energy. (rN+)
You are resistant to electric shocks. (rElec)
You can survive without breathing.
You are immune to petrification.
You are immune to miasma.


Message History

Ijyb screams, "Me stronger than you!"
You see here a book of Conjurations.
You pick up a book of Conjurations and begin reading...
You add the spells Magic Dart, Searing Ray, Fulminant Prism and Iskenderun's Mystic Blast to your library.
Ijyb zaps a wand.
The puff of flame hits you.
You see here a scroll of identify.
l - a scroll of identify Ijyb screams, "Me very upset!"
You see here 10 gold pieces.
You now have 148 gold pieces (gained 10).
You closely miss Ijyb. Ijyb completely misses you.
The hobgoblin hits you but does no damage.
Ijyb zaps a wand.
The puff of flame hits you. Ijyb closely misses you.
A hobgoblin comes into view. It is wielding a +0 club.
Ijyb zaps a wand.
The puff of flame hits you!
* * * LOW HITPOINT WARNING * * *
The hobgoblin shouts!
Ijyb zaps a wand.
The puff of flame hits you.
You die...

#>[... #.... ...#
#.... ..# #.... ..#
...# #.# #.g# #.#
#..# #.###+#####
#.@## ##.........#
#...# #†=...<.....
#..## ##..........
#..# #..........
#.g######.#####...≈
#.g.......# #...≈
#...####### ##..≈
##### #... ##..


You could see Ijyb and 2 hobgoblins.

Vanquished Creatures
  An adder (D:2)
  An ooze (D:2)
  3 dart slugs
  A leopard gecko (D:1)
  2 orcs (D:3)
  2 giant cockroaches
  8 goblins
  7 hobgoblins
  4 jackals (D:2)
  5 kobolds
  4 bats
  4 frilled lizards
  3 rats
45 creatures vanquished.

Vanquished Creatures (others)
  A kobold (D:3)
1 creature vanquished.

Grand Total: 46 creatures vanquished

Notes
Turn   | Place    | Note
-------+----------+-------------------------------------------
     0 | D:1      | Zeld the Gargoyle Earth Elementalist began the quest for
                  | the Orb.
     0 | D:1      | Reached XP level 1. HP: 10/10 MP: 3/3
   188 | D:1      | Reached skill level 4 in Earth Magic
   188 | D:1      | Reached XP level 2. HP: 15/15 MP: 1/5
   191 | D:1      | Learned a level 2 spell: Passwall
  1065 | D:2      | Reached XP level 3. HP: 19/19 MP: 3/6
  1069 | D:2      | Learned a level 3 spell: Stone Arrow
  1166 | D:2      | Found an ancient bone altar of Kikubaaqudgha.
  1831 | D:2      | Reached XP level 4. HP: 24/24 MP: 5/7
  2237 | D:3      | Noticed Ijyb
  2243 | D:3      | Found a white marble altar of Elyvilon.
  2292 | D:3      | HP: 1/24 [Ijyb/puff of flame (8)]
  2295 | D:3      | Killed from afar by Ijyb

Illustrated notes

Levels and vault maps discovered:
D:1:      matt_arrival_spirals, layout_basic
D:2:      layout_basic, marbit_many_paths
D:3:      layout_basic, elyvilon_altar_3, gup_sewer_entry_bowl, st_stairs_8,
          uniq_ijyb

Skill      XL: |  1  2 |
---------------+-------+-----
Earth Magic    | 4 |  4.8
Dodging        | 2 |  2.2
Fighting       | |  0.9
Stealth        | |  2.1
Spellcasting   | |  2.5
Transmutations | |  0.7

Action                   |  1- 3 |  4- 6 || total
-------------------------+-------+-------++-------
Melee: Unarmed           |    19 |     9 ||    28
 Cast: Sandblast         |    48 |    17 ||    65
  Use: Scroll            |       |     4 ||     4
Armor: Robe              |    11 |     9 ||    20
Dodge: Dodged            |    30 |    19 ||    49
